 Dungeon Crawl Stone Soup version 0.18-a0-1197-g8004e50 (webtiles) character file.

253 4thArraOfDagon the Chopper (level 5, -2/46 HPs)
             Began as a Minotaur Gladiator on Jan 30, 2016.
             Was an Initiate of the Shining One.
             Slain by an ogre
             ... wielding a +0 giant spiked club
              (15 damage)
             ... on level 4 of the Dungeon.
             The game lasted 00:03:30 (718 turns).

4thArraOfDagon the Chopper (Minotaur Gladiator)      Turns: 718, Time: 00:03:30

Health: -2/46      AC: 10    Str: 20    XL:     5   Next: 90%
Magic:  4/4        EV:  9    Int:  5    God:    the Shining One [......]
Gold:   94         SH:  0    Dex: 11    Spells: 0 memorised, 4 levels left

rFire  . . .     SeeInvis .     a - +0 war axe
rCold  . . .     Gourm    .     s - +0 chain mail
rNeg   + . .     Faith    .     (no shield)
rPois  .         Spirit   .     c - +0 hat
rElec  .         Dismiss  .     (no cloak)
rCorr  .         Reflect  .     e - +0 pair of gloves (curse)
SustAt .         Harm     .     (no boots)
MR     .....                    (no amulet)
Stlth  ..........               o - ring of stealth
                                h - ring of positive energy

@: not resistant to hostile enchantments, extremely unstealthy
A: retaliatory headbutt, horns 2
a: Renounce Religion


You were on level 4 of the Dungeon.
You worshipped the Shining One.
The Shining One was noncommittal.
You were not hungry.

You visited 1 branch of the dungeon, and saw 4 of its levels.

You collected 94 gold pieces.

Inventory:

Hand Weapons
 a - a +0 war axe (weapon)
Armour
 c - a +0 hat (worn)
 e - a cursed +0 pair of gloves (worn)
 s - a +0 chain mail (worn)
Jewellery
 h - a ring of positive energy (left hand)
 o - a ring of stealth (right hand)
Scrolls
 i - 3 scrolls of identify
 l - a scroll of blinking {unknown}
 m - a scroll of remove curse {unknown}
 r - a scroll of magic mapping {unknown}
Potions
 k - 3 potions of agility
 n - a potion of flight
 p - a potion of curing
Comestibles
 b - 4 chunks of flesh
 f - 2 bread rations
 g - a slice of pizza
 j - 17 fruits
 q - a meat ration


   Skills:
 + Level 3.9 Fighting
 * Level 5.8 Axes
 - Level 2.0 Throwing
 + Level 3.0 Armour
 + Level 4.3 Dodging


You had 4 spell levels left.
You didn't know any spells.

Dungeon Overview and Level Annotations

Branches:
Dungeon (4/15)
 Temple: D:4-7

Altars:
Gozag
The Shining One


Innate Abilities, Weirdness & Mutations

You reflexively headbutt those who attack you in melee.
You have a pair of horns on your head.


Message History

Aim: an ogre, wielding a giant spiked club You throw a throwing net.
The throwing net barely misses the ogre.
The ogre hits you with a giant spiked club!!
You hit the ogre.
The ogre is moderately wounded.
The ogre hits you but does no damage.
You slash the ogre!
The ogre is severely wounded.
You hit the ogre but do no damage.
The ogre is severely wounded.
The ogre hits you with a giant spiked club!
* * * LOW HITPOINT WARNING * * *
You are too injured to fight recklessly!
You are too injured to fight recklessly!
You are too injured to fight recklessly!
You barely miss the ogre.
The ogre is severely wounded.
The ogre hits you with a giant spiked club!
You die...

#.# #.#
#####.######
###........>.#
........####.#
###.##..# #.# #
#..# #.#
#..####.#####.#
#.....@.......#
#.#####O######
#. #.# #. #.#
#. ... ## #.#
#.# ..# ###


You could see an ogre.

Vanquished Creatures
  2 scorpions (D:4)
  A hound (D:4)
  2 worker ants (D:4)
  Natasha (D:3)
  An adder (D:2)
  An ooze (D:4)
  3 worms
  2 orcs
  3 giant cockroaches
  2 goblins (D:3)
  A hobgoblin (D:1)
  3 jackals (D:1)
  3 kobolds
  2 quokkas (D:2)
  A bat (D:2)
  3 giant newts
  3 rats
34 creatures vanquished.

Notes
Turn   | Place    | Note
--------------------------------------------------------------
     0 | D:1      | 4thArraOfDagon the Minotaur Gladiator began the quest for the Orb.
     0 | D:1      | Reached XP level 1. HP: 18/18 MP: 0/0
   148 | D:2      | Reached XP level 2. HP: 22/25 MP: 1/1
   182 | D:2      | Reached skill level 4 in Axes
   195 | D:3      | Noticed Natasha
   203 | D:3      | Noticed a crimson imp
   206 | D:3      | Killed Natasha
   206 | D:3      | Reached skill level 1 in Armour
   206 | D:3      | Reached XP level 3. HP: 16/30 MP: 2/2
   283 | D:4      | Noticed a scorpion
   289 | D:4      | Killed a scorpion
   289 | D:4      | Reached XP level 4. HP: 30/38 MP: 3/3
   308 | D:4      | Reached skill level 5 in Axes
   352 | D:4      | Reached XP level 5. HP: 27/45 MP: 4/4
   465 | D:3      | Found a glowing golden altar of the Shining One.
   485 | D:3      | Became a worshipper of the Shining One
   516 | D:3      | Found an opulent altar of Gozag.
   668 | D:1      | You fall through a shaft!
   709 | D:4      | Noticed an ogre
   718 | D:4      | Slain by an ogre

Vault maps used:
D:1:      erik_arrival_triangle_large, minmay_misc_feat_room
D:2:      first_bread, makhleb_heckhound_becter, uniq_jessica, uniq_terence
D:3:      lemuel_doored_altar, old_standard_altar, guppyfry_early_lair_pool,
          uniq_natasha
D:4:      minmay_misc_feat_columns, minmay_misc_feat_tiny, abandoned_shop,
          uniq_menkaure

Action                   |  1- 3 |  4- 6 || total
-------------------------+-------+-------++-------
Melee: War axe           |    28 |    64 ||    92
Throw: Throwing net      |     4 |     5 ||     9
  Use: Potion            |     4 |       ||     4
       Scroll            |       |     1 ||     1
 Stab: Sleeping          |     3 |       ||     3
